 Dungeon Crawl Stone Soup version 0.19.1 (webtiles) character file.

69 Leibowitz the Cutter (level 3, -10/29 HPs)
             Began as a Demigod Gladiator on Nov 26, 2016.
             Mangled by Crazy Yiuf
             ... wielding a +2 quarterstaff of chaos
              (17 damage)
             ... on level 2 of the Dungeon.
             The game lasted 00:03:02 (1836 turns).

Leibowitz the Cutter (Demigod Gladiator)            Turns: 1836, Time: 00:03:05

Health: -10/29     AC:  5    Str: 18    XL:     3   Next: 75%
Magic:  3/5        EV: 13    Int: 12    God:
Gold:   83         SH:  4    Dex: 18    Spells: 0 memorised, 2 levels left

rFire  . . .     SeeInvis .     a - +0 rapier
rCold  . . .     Gourm    .     b - +0 leather armour
rNeg   . . .     Faith    .     p - +0 buckler
rPois  .         Spirit   .     c - +0 helmet
rElec  .         Reflect  .     (no cloak)
rCorr  .         Harm     .     m - +0 pair of gloves
MR     .....                    (no boots)
Stlth  +++.......               (no amulet)
                                (no ring)
                                k - ring of stealth

@: no status effects
A: high mp 1
a: no special abilities


You were on level 2 of the Dungeon.
You were not hungry.

You visited 1 branch of the dungeon, and saw 2 of its levels.

You collected 83 gold pieces.

Inventory:

Hand Weapons
 a - a +0 rapier (weapon)
Missiles
 d - a throwing net (quivered)
 n - 17 poisoned needles
Armour
 b - a +0 leather armour (worn)
 c - a +0 helmet (worn)
 m - a +0 pair of gloves (worn)
 p - a +0 buckler (worn)
Jewellery
 k - a ring of stealth (left hand)
Scrolls
 e - a scroll of random uselessness {unknown}
 i - 2 scrolls of enchant weapon {unknown}
 j - a scroll of blinking {unknown}
 r - a scroll of fog {unknown}
 u - a scroll of remove curse {unknown}
 v - a scroll of recharging {unknown}
 x - a scroll of immolation {unknown}
 y - a scroll of teleportation {unknown}
Potions
 g - 3 potions of curing {unknown}
 h - 3 potions of agility {unknown}
 l - a potion of flight {unknown}
 o - a potion of degeneration {unknown}
 q - a potion of brilliance {unknown}
 t - 2 potions of invisibility {unknown}
Comestibles
 f - 2 bread rations
 s - a slice of pizza
 w - a chunk of flesh


   Skills:
 * Level 2.2 Fighting
 + Level 3.3 Short Blades
 + Level 1.9 Throwing
 + Level 0.1 Armour
 * Level 3.2 Dodging
 * Level 0.4 Stealth
 * Level 1.0 Shields


You had 2 spell levels left.
You didn't know any spells.

Dungeon Overview and Level Annotations

Branches:
Dungeon (2/15)

Annotations:
D:2 Crazy Yiuf


Innate Abilities, Weirdness & Mutations

You have an increased reservoir of magic. (+10% MP)


Message History

You throw a throwing net.
The throwing net barely misses Crazy Yiuf.
Crazy Yiuf drinks a potion.
Crazy Yiuf seems to grow stronger.
Throwing (i - inventory):
d - 3 throwing nets (quivered)
Press: ? - help, Shift-Dir - straight line, f/p - Crazy Yiuf
Aim: Crazy Yiuf, wielding a quarterstaff of chaos and wearing a cloak (heavily wounded, unusually strong)
You throw a throwing net.
The throwing net barely misses Crazy Yiuf.
You block Crazy Yiuf's attack.
Throwing (i - inventory):
d - 2 throwing nets (quivered)
Press: ? - help, Shift-Dir - straight line, f/p - Crazy Yiuf
Aim: Crazy Yiuf, wielding a quarterstaff of chaos and wearing a cloak (heavily wounded, unusually strong)
You throw a throwing net.
The throwing net barely misses Crazy Yiuf.
Crazy Yiuf hits you with a quarterstaff of chaos!!
Ouch! That really hurt!
* * * LOW HITPOINT WARNING * * *
You are electrocuted!
Ouch! That really hurt!
You die...

###.##### ##'## #####.####
........#### #.# #.##
.##.###....# #.# #..# .##.#
#.##.##### ##.#
.##.###.....# #.#
.##[.....#.## #.##
.######.##.# ##### ♣♣##..#
.# #.##.# #)..#♣♣ ♣♣P#...#
.######.##.#
#g@.'.♣♣♣♣P.....#
.<.........#
#...#♣..♣..P...##
############
#####♣♣♣.♣..#.## ♣♣♣♣♣###
######### #.......#
######## #.#####.#
#......## #####
#.#####.####.......####...#
#.##...)...)..............#


You could see Crazy Yiuf.

Vanquished Creatures
  5 adders (D:2)
  A dart slug (D:1)
  3 bats
  A giant cockroach (D:1)
  6 hobgoblins
  2 kobolds
  A frilled lizard (D:2)
  3 goblins
  A rat (D:2)
23 creatures vanquished.

Vanquished Creatures (others)
  A goblin (D:1)
1 creature vanquished.

Grand Total: 24 creatures vanquished

Notes
Turn   | Place    | Note
-------+----------+-------------------------------------------
     0 | D:1      | Leibowitz the Demigod Gladiator began the quest for the Orb.
     0 | D:1      | Reached XP level 1. HP: 17/17 MP: 3/3
   397 | D:1      | Reached XP level 2. HP: 23/24 MP: 4/4
  1049 | D:2      | Found a sacrificial altar of Ru.
  1141 | D:2      | Reached XP level 3. HP: 17/29 MP: 5/5
  1565 | D:2      | Found a runed door.
  1641 | D:2      | Reached skill level 1 in Shields
  1829 | D:2      | Noticed Crazy Yiuf
  1836 | D:2      | Mangled by Crazy Yiuf

Skill      XL: |  1  2  3 |
---------------+----------+-----
Short Blades   | 3 |  3.3
Dodging        | 3 |  3.2
Fighting       | 2 |  2.2
Shields        | 1 |  1.0
Throwing       | |  1.9
Armour         | |  0.1
Stealth        | |  0.4

Action                   || total
-------------------------++-------
Melee: Rapier            ||    81
Throw: Throwing net      ||     3
 Stab: Sleeping          ||     1
  Eat: Chunk             ||     3
Armor: Leather armour    ||    17
Dodge: Dodged            ||    49
Block: Buckler           ||    13
